 Dungeon Crawl Stone Soup version 0.28.0-53-g5a82cb258f (webtiles) character file.

Game seed: 11680605587568770274

93 issech the Chopper (level 4, -11/40 HPs)
             Began as a Minotaur Monk on May 22, 2022.
             Killed by nerve-wracking pain
             ... invoked by Grinder
              (14 damage)
             ... while paralysed by Grinder
             ... on level 3 of the Dungeon.
             The game lasted 00:05:44 (2315 turns).

issech the Chopper (Minotaur Monk)                  Turns: 2315, Time: 00:05:44

Health: -11/40     AC:  6    Str: 16    XL:     4   Next: 36%
Magic:  3/3        EV:  2    Int:  7    God:
Gold:   106        SH:  0    Dex: 14    Spells: 3/3 levels left

rFire   . . .      SeeInvis .   e - +3 dagger (venom)
rCold   . . .      Faith    .   (no shield)
rNeg    . . .      Spirit   .   x - +0 scale mail
rPois   .          Reflect  .   (helmet restricted)
rElec   .          Harm     .   (no cloak)
rCorr   .          Rampage  .   (no gloves)
Will    .....                   (no boots)
Stlth   +.........              (no amulet)
HPRegen 0.13/turn               (no ring)
MPRegen 0.08/turn               (no ring)

@: paralysed
A: horns 2, retaliatory headbutt
a: no special abilities


You were on level 3 of the Dungeon.
You visited 1 branch of the dungeon, and saw 3 of its levels.

You collected 106 gold pieces.

Inventory:

Hand Weapons
 a - a +0 hand axe
 d - a +0 hunting sling
 e - a +3 dagger of venom (weapon)
 f - a +0 club
 h - a +0 dagger
 j - a +0 hand axe
 k - a +0 mace
 m - a +0 short sword
 p - a +0 whip
 q - a +0 flail
 r - a +0 short sword
 u - a +0 club
 v - a +0 dagger
Missiles
 i - 67 stones (quivered)
 w - 34 arrows
Armour
 b - a +0 robe
 t - a +0 ring mail
 x - a +0 scale mail (worn)
 z - a +0 robe
Scrolls
 c - a scroll of amnesia {unknown}
 l - 3 scrolls of immolation {unknown}
 o - 2 scrolls of fear {unknown}
 y - 3 scrolls of brand weapon {unknown}
Potions
 g - a potion of cancellation {unknown}
 n - a potion of lignification {unknown}
 s - a potion of curing {unknown}


   Skills:
 + Level 4.2 Fighting
 + Level 1.5 Short Blades
 + Level 4.3 Axes
 + Level 0.4 Throwing
 + Level 3.9 Dodging
 + Level 2.3 Stealth


You had 3 spell levels left.
You didn't know any spells.
Your spell library contained the following spells:

 Spells                   Type           Power      Damage    Failure   Level
 Magic Dart               Conj           0%         1d3       87%         1
 Call Imp                 Summ           0%         N/A       95%         2
 Conjure Flame            Conj/Fire      0%         6-21      99%         3
 Ignite Poison            Fire/Tmut/Pois 0%         N/A       99%         3
 Mephitic Cloud           Conj/Pois/Air  0%         N/A       99%         3
 Sticky Flame             Conj/Fire      0%         2d3       100%        4


Dungeon Overview and Level Annotations

Branches:
Dungeon (3/15)

Altars:

Annotations:
D:3 Grinder


Innate Abilities, Weirdness & Mutations

You have a pair of horns on your head.
You reflexively headbutt those who attack you in melee.


Message History

There is a stone staircase leading up here.
You climb upwards.
There is a stone staircase leading down here.
You start waiting.
Done waiting.
There is a stone staircase leading down here.
You can't go up here!
You climb downwards.
Level annotation: Grinder
There is a stone staircase leading up here.
Grinder blinks!
Grinder blinks!
i - 69 stones (gained 1)
You throw a stone. The stone closely misses Grinder.
You throw a stone. The stone closely misses Grinder.
You closely miss Grinder. Grinder gestures at you.
Pain shoots through your body!
You hit Grinder but do no damage. Grinder hits you but does no damage.
You hit Grinder but do no damage. Grinder hits you.
You writhe in agony.
You hit Grinder.
Grinder is poisoned.
You headbutt Grinder.
Grinder is lightly wounded.
Grinder says, "DUCK!"
Grinder hits you but does no damage.
You closely miss Grinder. You headbutt Grinder, but do no damage.
Grinder is moderately wounded.
Grinder closely misses you. Grinder gestures at you.
Pain shoots through your body! Grinder gestures at you.
You suddenly lose the ability to move!
Grinder says, "I used to sell toenails on the black market."
Grinder gestures at you. Pain shoots through your body!
* * * LOW HITPOINT WARNING * * *
Grinder gestures at you. You resist with significant effort.
Grinder gestures at you. Pain shoots through your body!
You die...

#.........#### #.###.†.###......
#.........# #.#...###......##
#.........######.#.###......###
#..........†...#.#'#......###
#.........####.#.#......###
#............#.#......###
#.........<#.#.#5#..###
#.......†.##.#.#.###############
#............#.@................
#.........#############.>......#
########### ##.#####.# #.#####.#
#.......# #########


You could see Grinder (poisoned).

Vanquished Creatures
  4 adders
  A worm (D:3)
  A dart slug (D:2)
  An orc (D:3)
  4 endoplasms
  2 giant cockroaches
  3 goblins (D:1)
  6 hobgoblins
  4 jackals (D:3)
  2 quokkas
  7 ball pythons
  3 bats (D:1)
  A frilled lizard (D:2)
  3 kobolds (D:3)
  5 rats
47 creatures vanquished.

Notes
Turn   | Place    | Note
-------+----------+-------------------------------------------
     0 | D:1      | issech the Minotaur Monk began the quest for the Orb.
     0 | D:1      | Reached XP level 1. HP: 19/19 MP: 0/0
   458 | D:1      | Reached XP level 2. HP: 27/27 MP: 1/1
   922 | D:2      | Reached skill level 1 in Short Blades
   922 | D:2      | Reached XP level 3. HP: 27/33 MP: 2/2
  1300 | D:2      | Found a faded altar of an unknown god.
  1635 | D:3      | Reached XP level 4. HP: 40/40 MP: 3/3
  1956 | D:3      | Noticed Grinder
  2311 | D:3      | Paralysed by Grinder for 6 turns
  2315 | D:3      | Killed from afar by Grinder

Illustrated notes

Levels and vault maps discovered:
D:1:      scummos_arrival_gate, layout_loops_ring, hangedman_feature_mirror,
          grunt_decor_cap, grunt_decor_resistance
D:2:      layout_rooms, hellmonk_ecumenical_altar_heavens_door
D:3:      minmay_razor_zed, layout_basic, minivault_4, uniq_grinder

Skill      XL: |  1  2  3 |
---------------+----------+-----
Axes           | 4 |  4.3
Fighting       | 4 |  4.2
Short Blades   | 1 |  1.5
Stealth        | 2 |  2.3
Throwing       | |  0.4
Dodging        | |  3.9

Action                   |  1- 3 |  4- 6 || total
-------------------------+-------+-------++-------
Melee: Dagger            |    54 |    29 ||    83
       Hand axe          |     3 |       ||     3
       Headbutt          |     6 |     7 ||    13
Throw: Stone             |     6 |     3 ||     9
 Stab: Sleeping          |     2 |       ||     2
Armor: Robe              |     6 |       ||     6
       Scale mail        |       |     4 ||     4
Dodge: Dodged            |    36 |    18 ||    54
